 Dungeon Crawl Stone Soup version 0.25.1-1-g288607f5aa (webtiles) character file.

Game seed: 6841934476547491941

235 protoss039 the Sneak (level 5, -7/55 HPs)
             Began as a Vampire Enchanter on July 23, 2020.
             Mangled by Duvessa (8 damage)
             ... on level 4 of the Dungeon.
             The game lasted 00:18:32 (3107 turns).

protoss039 the Sneak (Vampire Enchanter)            Turns: 3107, Time: 00:18:32

Health: -7/55      AC:  3    Str:  7    XL:     5   Next: 76%
Magic:  1/9        EV: 13    Int: 23    God:
Gold:   142        SH:  0    Dex: 16    Spells: 0/9 levels left

rFire    . . .     SeeInvis +   a - +1 dagger
rCold    . . .     Gourm    .   (no shield)
rNeg     + . .     Faith    .   p - +1 robe {rN+}
rPois    .         Spirit   .   (no helmet)
rElec    .         Reflect  .   (no cloak)
rCorr    .         Harm     .   (no gloves)
MR       .....                  (no boots)
Stlth    ..........             (no amulet)
HPRegen  0.38/turn              i - +6 ring of intelligence
MPRegen  0.11/turn              (no ring)

@: berserking, flying, very slightly contaminated, regenerating quickly, very
quick
A: no food, fangs 3, see invisible, unbreathing
a: Exsanguinate


You were on level 4 of the Dungeon.
You were alive.

You visited 1 branch of the dungeon, and saw 4 of its levels.

You collected 142 gold pieces.

Inventory:

Hand Weapons
 a - a +1 dagger (weapon)
Armour
 p - a +1 robe of positive energy (worn)
Jewellery
 i - a +6 ring of intelligence (left hand)
Scrolls
 b - a scroll of teleportation {unknown}
 e - a scroll of amnesia {unknown}
 f - a scroll of random uselessness {unknown}
 k - 2 scrolls of identify {unknown}
 o - a scroll of fog {unknown}
Potions
 c - a potion of might {unknown}
 d - a potion of invisibility {unknown}
 g - 2 potions of flight
 h - a potion of degeneration {unknown}
 j - a potion of berserk rage
 l - a potion of curing {unknown}
 m - 2 potions of cancellation {unknown}
 n - 2 potions of mutation {unknown}


   Skills:
 + Level 1.3 Fighting
 + Level 2.6 Short Blades
 + Level 2.9 Dodging
 + Level 5.7 Stealth
 + Level 2.8 Spellcasting
 + Level 5.4 Hexes
 - Level 2.0 Ice Magic


You couldn't memorise any spells.
You knew the following spells:

 Your Spells              Type           Power        Failure   Level  Hunger
a - Corona                Hex            ####...      1%          1    N/A
b - Ensorcelled Hibernat  Hex/Ice        ###...       3%          2    N/A
c - Confusing Touch       Hex            ####....     3%          3    N/A
d - Tukima's Dance        Hex            ####....     3%          3    N/A

Your spell library contained the following spells:

 Spells                   Type           Power        Failure   Level  Hunger
 Beastly Appendage        Tmut           #.....       12%         1    N/A
 Dazzling Flash           Conj/Hex       ###...       12%         3    N/A
 Sticks to Snakes         Tmut           #.......     19%         2    N/A
 Spider Form              Tmut/Pois      #.........   34%         3    N/A
 Ice Form                 Ice/Tmut       #.......     61%         4    N/A
 Blade Hands              Tmut           #.........   97%         5    N/A

Dungeon Overview and Level Annotations

Branches:
Dungeon (4/15)
 Temple: D:4-7

Altars:
Cheibriados
Kikubaaqudgha
Ru
Wu Jian

Annotations:
D:2 Robin
D:3 Ijyb
D:4 Dowan, Duvessa


Innate Abilities, Weirdness & Mutations

You do not eat.
Your natural rate of healing is unusually fast.
You have razor-sharp teeth.
You have supernaturally acute eyesight. (SInv)
You can survive without breathing.


Message History

Unknown command.
It was a potion of flight.
You feel very buoyant.
You fly up into the air.
Duvessa hits you.
* * * LOW HITPOINT WARNING * * *
Unknown command.
It was a potion of berserk rage.
A red film seems to cover your vision as you go berserk!
You feel yourself moving faster!
You feel mighty!
Your +0 rapier hits Duvessa but does no damage.
Duvessa hits you!
* * * LOW HITPOINT WARNING * * *
Dowan hits your +0 rapier with a +0 dagger.
Unknown command.
Unknown command.
Unknown command.
You hit Duvessa.
Duvessa is moderately wounded.
Duvessa hits you!
You die...

#.# #.# #.#
###########.###
#####.............######
..........###...........
###.#@#.# #.#.......##
####.#e#.###(#.#.###.#.
#.......(>..e.#.#.# #...
#........e........# ###.
#.###.#.#.#####...# ##
#.#.#.# ##...# # #.#.#.#
##....# # #.#.###.!(..##
##.#.#.##...>.e.#


You could see Duvessa, Dowan and a friendly +0 rapier.

Vanquished Creatures
  An ogre (D:2)
  Jessica (D:3)
  4 adders
  A worm (D:3)
  6 dart slugs
  3 leopard geckos
  An orc (D:3)
  A ball python (D:1)
  8 bats
  5 giant cockroaches
  11 goblins
  5 hobgoblins (D:2)
  7 jackals
  3 frilled lizards
  4 kobolds
  9 rats
70 creatures vanquished.

Notes
Turn   | Place    | Note
-------+----------+-------------------------------------------
     0 | D:1      | protoss039 the Vampire Enchanter began the quest for the
                  | Orb.
     0 | D:1      | Reached XP level 1. HP: 13/13 MP: 3/3
   126 | D:1      | Reached XP level 2. HP: 8/19 MP: 3/5
   435 | D:1      | Learned a level 2 spell: Ensorcelled Hibernation
   640 | D:1      | Reached XP level 3. HP: 24/24 MP: 6/6
   818 | D:2      | Learned a level 3 spell: Confusing Touch
  1071 | D:2      | Reached skill level 5 in Hexes
  1071 | D:2      | Reached skill level 1 in Ice Magic
  1303 | D:2      | Reached XP level 4. HP: 31/31 MP: 4/7
  1421 | D:2      | Noticed Robin
  2035 | D:2      | Found a snail-covered altar of Cheibriados.
  2277 | D:3      | Found an ornate altar of the Wu Jian Council.
  2277 | D:3      | Noticed an ogre
  2279 | D:3      | Found a sacrificial altar of Ru.
  2284 | D:3      | Found an ancient bone altar of Kikubaaqudgha.
  2285 | D:3      | Noticed Ijyb
  2354 | D:2      | Killed an ogre
  2354 | D:2      | Reached skill level 1 in Fighting
  2354 | D:2      | Reached skill level 5 in Stealth
  2354 | D:2      | Reached XP level 5. HP: 37/37 MP: 4/9
  2491 | D:3      | Noticed Jessica
  2495 | D:3      | Killed Jessica
  3047 | D:3      | Learned a level 3 spell: Tukima's Dance
  3071 | D:4      | Noticed Duvessa
  3074 | D:4      | Noticed Dowan
  3106 | D:4      | HP: 1/55 [Duvessa (9)]
  3107 | D:4      | Mangled by Duvessa

Illustrated notes

Levels and vault maps discovered:
D:1:      evilmike_arrival_rings, layout_rooms
D:2:      layout_basic, lemuel_coloured_pillars_altar, minmay_distorted,
          uniq_robin
D:3:      layout_loops_ring, grunt_temple_overflow_open, first_ration,
          minivault_27, uniq_ijyb, uniq_jessica
D:4:      layout_loops_ring, grunt_dithmenos_smoke, uniq_duvessa

Skill      XL: |  1  2  3  4 |
---------------+-------------+-----
Hexes          | 5 |  5.4
Ice Magic      | 1 2 |  2.0
Short Blades   | 2 |  2.6
Fighting       | 1 |  1.3
Stealth        | 5 |  5.7
Dodging        | |  2.9
Spellcasting   | |  2.8

Action                   |  1- 3 |  4- 6 || total
-------------------------+-------+-------++-------
Melee: Dagger            |   173 |   103 ||   276
       Bite              |    10 |     9 ||    19
 Cast: Corona            |    30 |    11 ||    41
       Ensorcelled Hiber |    10 |    18 ||    28
       Tukima's Dance    |       |     3 ||     3
  Use: Potion            |     1 |     2 ||     3
 Stab: Sleeping          |     8 |    18 ||    26
Armor: Robe              |    34 |    34 ||    68
       Skin              |    28 |       ||    28
Dodge: Dodged            |   110 |    94 ||   204
